 Dungeon Crawl Stone Soup version 0.31.0-11-ge490571c62 (webtiles) character file.

Game seed: 17648012417271717364

1536 ytrimaz the Covered (level 9, -6/72 HPs)
             Began as a Formicid Fighter on Feb 1, 2024.
             Mangled by Menkaure (18 damage)
             ... on level 6 of the Dungeon.
             The game lasted 00:05:12 (4455 turns).

ytrimaz the Covered (Formicid Fighter)              Turns: 4455, Time: 00:05:12

Health: -6/72      AC: 10    Str: 29    XL:     9   Next: 11%
Magic:  9/9        EV: 10    Int:  6    God:
Gold:   217        SH: 11    Dex: 19    Spells: 8/8 levels left

rFire   . . .        a - +0 war axe
rCold   . . .        c - +0 buckler
rNeg    . . .        b - +0 scale mail
rPois   .            (helmet unavailable)
rElec   .            j - +1 cloak
rCorr   .            (no gloves)
SInv    +            (no boots)
Will    .....        s - amulet of reflection Stlth
                     q - +6 ring of strength
HPRegen 0.32/turn    (no ring)
MPRegen 0.11/turn

%: reflection
@: attractive
A: permanent stasis, dig shafts and tunnels, antennae 3, four strong arms, agile
1
a: Dig, Shaft Self


You were on level 6 of the Dungeon.
You visited 2 branches of the dungeon, and saw 7 of its levels.

You collected 217 gold pieces.

Inventory:

Hand Weapons
 a - a +0 war axe (weapon)
 y - a +0 battleaxe
Armour
 b - a +0 scale mail (worn)
 c - a +0 buckler (worn)
 f - a +0 tower shield
 j - a +1 cloak (worn)
Jewellery
 q - a +6 ring of strength (left hand)
 s - an amulet of reflection (around neck)
 u - a ring of wizardry
 A - an amulet of faith
 D - a ring of wizardry
Wands
 C - a wand of iceblast (14)
Scrolls
 d - a scroll of noise
 g - a scroll of immolation
 h - 2 scrolls of blinking
 l - a scroll of teleportation
 r - a scroll of amnesia
 x - 2 scrolls of fear
Potions
 k - a potion of berserk rage {unknown}
 m - a potion of ambrosia {unknown}
 n - a potion of attraction
 o - a potion of resistance {unknown}
 v - a potion of haste
 w - 2 potions of curing {unknown}
 z - a potion of brilliance {unknown}


   Skills:
 - Level 7.0 Fighting
 * Level 6.8 Axes
 + Level 7.8 Armour
 - Level 4.0 Shields


You had 8 spell levels left.
You didn't know any spells.
Your spell library contained the following spells:

 Spells                   Type           Power      Damage    Failure   Level
 Shock                    Conj/Air       0%         1d3       75%         1
 Static Discharge         Conj/Air       0%         3-3/arc   86%         2
 Airstrike                Air            0%         2d(0-16)  100%        4
 Summon Lightning Spire   Summ/Air       0%         N/A       100%        4
 Swiftness                Air            Unusable   N/A       N/A         3

Dungeon Overview and Level Annotations

Branches:
Dungeon (6/15)             Temple (1/1) D:4

Altars:
Dithmenos
Elyvilon
Fedhas
Gozag
Makhleb
Qazlal
Ru
Uskayaw
Xom
Yredelemnul
Zin
The Shining One

Annotations:
D:4 3 runed translucent doors, Laqueoixx's ghost, amateur OpSh
D:6 Menkaure


Innate Abilities, Weirdness & Mutations

You cannot be hasted, slowed, berserked, paralysed or teleported.
You can dig through walls and to a lower floor.
You have a pair of large antennae on your head. (SInv)
Your four strong arms can wield two-handed weapons with a shield.
You are agile. (Dex +4, Str/Int -1)


Message History

You kill the centaur!
Training target 7.0 for Fighting reached!
Your Fighting skill increases to level 7!
You see here a +0 orcbow.
No target in view!
Unknown command.
HP restored.
C - a wand of iceblast (14) (gained 6 charges)
You now have 217 gold pieces (gained 15).
Found a dagger.
You sense a monster nearby.
Found a stone staircase leading up.
Menkaure, Prince of Dust comes into view.
Found 8 gold pieces.
Menkaure shouts!
Menkaure calls on the powers of darkness!
Your body is wracked with pain!
You see here 8 gold pieces.
Menkaure casts a spell.
Menkaure seems to speed up.
Found a stone staircase leading down.
You hear the slow rusting of a distant drain.
Menkaure calls on the powers of darkness!
Your body is wracked with pain!
* * * LOW HITPOINT WARNING * * *
You block Menkaure's attack. Menkaure hits you!
* * * LOW HITPOINT WARNING * * *
You see here a scroll of teleportation.
Unknown command.
Okay, then.
Okay, then.
Unknown command.
It was a potion of attraction.
You feel attractive to monsters. Menkaure barely misses you.
It was a potion of haste.
Your stasis prevents you from being hasted.
Menkaure whispers, "Let me perform the rites..."
Menkaure hits you!!
You die...

# ....... #. .......
#.### ....>.. #....
....... .. ...$.........
.##.. #.#..#......#
....##.##M......##
#.........@....<.# #
##.................
..#...###..##.....##.
...............#...#
####....).......$.##....
...#..#.#.............#.
...#<# ##..#............
#....###..##............
#.##..##...#.........#..


You could see Menkaure (fast).

Vanquished Creatures
  Eustachio (D:5)
  The ghost of Marethyu the Twirler, an amateur DsGl (D:3)
  A water moccasin (D:5)
  Duvessa (D:4)
  An ice beast (D:5)
  An ogre (D:4)
  A centaur (D:6)
  A phantom (D:5)
  Blork the orc (D:4)
  A bullfrog (D:4)
  A scorpion (D:5)
  Dowan (D:4)
  2 hounds (D:5)
  A bombardier beetle (D:5)
  A gnoll bouda (D:4)
  An orc priest (D:5)
  Jessica (D:2)
  An iguana (D:5)
  3 orc wizards (D:5)
  5 adders
  3 gnolls (D:4)
  A shadow imp (D:5)
  7 ribbon worms
  2 dart slugs
  14 orcs
  3 endoplasms
  9 giant cockroaches
  12 goblins
  7 hobgoblins
  12 jackals
  A quokka (D:3)
  10 ball pythons
  4 bats
  3 frilled lizards
  8 kobolds
  2 rats
125 creatures vanquished.

Notes
Turn   | Place    | Note
-------+----------+-------------------------------------------
     0 | D:1      | ytrimaz the Formicid Fighter began the quest for the Orb.
     0 | D:1      | Reached XP level 1. HP: 18/18 MP: 1/1
   227 | D:1      | Reached XP level 2. HP: 24/24 MP: 2/2
   235 | D:1      | Found a faded altar of an unknown god.
   661 | D:2      | Noticed Jessica
   666 | D:2      | Killed Jessica
   667 | D:2      | Reached XP level 3. HP: 30/30 MP: 3/3
   808 | D:2      | Reached XP level 4. HP: 37/37 MP: 4/4
  1638 | D:3      | Reached XP level 5. HP: 41/43 MP: 5/5
  1868 | D:3      | Found a transporter.
  1895 | D:3      | Noticed Marethyu's ghost (amateur DsGl)
  1896 | D:3      | Found a transporter.
  1915 | D:3      | Found a white marble altar of Elyvilon.
  1989 | D:3      | Reached skill level 5 in Armour
  2452 | D:3      | Killed Marethyu's ghost
  2453 | D:3      | Reached skill level 5 in Fighting
  2453 | D:3      | Reached XP level 6. HP: 39/51 MP: 6/6
  2517 | D:4      | Noticed an ogre
  2535 | D:4      | Killed an ogre
  2536 | D:4      | Reached XP level 7. HP: 57/57 MP: 7/7
  2645 | D:4      | Found a runed translucent gate.
  2646 | D:4      | Found a runed translucent gate.
  2647 | D:4      | Found a runed translucent gate.
  2685 | D:4      | Noticed Blork the orc
  2694 | D:4      | Killed Blork the orc
  2741 | D:4      | Found a staircase to the Ecumenical Temple.
  2762 | Temple   | Entered the Ecumenical Temple
  2985 | D:4      | Noticed Duvessa
  2986 | D:4      | Noticed Dowan
  2989 | D:4      | Gained mutation: You are agile. (Dex +4, Str/Int -1)
                  | [potion of mutation]
  3003 | D:4      | Killed Dowan
  3006 | D:4      | Killed Duvessa
  3007 | D:4      | Reached XP level 8. HP: 65/65 MP: 8/8
  3062 | D:4      | Found a glowing silver altar of Zin.
  3210 | D:4      | Noticed Laqueoixx's ghost (amateur OpSh)
  3235 | D:5      | Entered Level 5 of the Dungeon
  3603 | D:5      | Reached skill level 5 in Axes
  4197 | D:5      | Noticed Eustachio
  4230 | D:5      | Killed Eustachio
  4281 | D:5      | Reached XP level 9. HP: 71/71 MP: 9/9
  4449 | D:6      | Noticed Menkaure
  4455 | D:6      | Mangled by Menkaure

Illustrated notes

Levels and vault maps discovered:
D:1:      scummos_arrival_checkerplants, layout_loops_ring,
          nicolae_ecumenical_snake_handling, feat_on_display
D:2:      minmay_roachtagon, layout_basic, nicolae_twisty_statue_hallways,
          uniq_jessica
D:3:      corexii_shack_village, layout_basic, elyvilon_altar_5,
          gammafunk_ghost_arena, minmay_circle_x
D:4:      layout_loops_ring, zin_statuary, minmay_temple_entry_crystal_x,
          gammafunk_ghost_necromancy, feat_on_display, uniq_duvessa,
          uniq_blork_the_orc
D:5:      layout_gridville, guppyfry_early_lair_pool, uniq_eustachio
D:6:      layout_cave_pools, mainiacjoe_overflow_large_starburst,
          mainiacjoe_sewer_entry_somewhere_in_here_2, kennysheep_crisscross,
          uniq_menkaure
Temple:   nicolae_temple_bog_church

Skill      XL: |  1  2  3  4  5  6  7  8  9 |
---------------+----------------------------+-----
Fighting       | 4 5 6 7 |  7.0
Armour         | 4 6 7 |  7.8
Axes           | 3 6 |  6.8
Shields        | |  4.0

Action                     |  1- 3 |  4- 6 |  7- 9 || total
---------------------------+-------+-------+-------++-------
  Melee: War axe           |    54 |   139 |   162 ||   355
    Use: Potion            |       |     2 |     4 ||     6
         Scroll            |       |       |    11 ||    11
 Armour: Scale mail        |    38 |    70 |   110 ||   218
         Skin              |       |    16 |    36 ||    52
  Dodge: Dodged            |    24 |    51 |    76 ||   151
  Block: Buckler           |    21 |    51 |   111 ||   183
         Reflection        |       |       |     9 ||     9
